 Dungeon Crawl Stone Soup version 0.18-a0-1225-g5d63bca (webtiles) character file.

5169 Azzok the Grappler (level 10, 0/98 HPs)
             Began as a Troll Monk on Feb 3, 2016.
             Slain by an unseen horror (10 damage)
             ... on level 10 of the Dungeon.
             The game lasted 00:24:58 (6991 turns).

Azzok the Grappler (Troll Monk)                     Turns: 6991, Time: 00:24:58

Health: 0/98       AC: 10    Str: 29    XL:     10   Next: 34%
Magic:  9/9        EV: 12    Int:  6    God:
Gold:   205        SH:  0    Dex: 14    Spells: 0 memorised, 9 levels left

rFire  + . .     SeeInvis .       - Unarmed
rCold  . . .     Gourm    +     a - +0 robe
rNeg   + . .     Faith    .     (no shield)
rPois  +         Spirit   .     B - +2 hat
rElec  .         Dismiss  .     N - +2 cloak
rCorr  .         Reflect  .     (gloves unavailable)
SustAt .         Harm     .     (boots unavailable)
MR     +....                    (no amulet)
Stlth  ++........               M - ring "Vinoic Pate" {rPois rF+ rN+ MR+}
                                E - ring "Ufa Boun" {Str+5 Dex+2}

@: very slightly contaminated, somewhat resistant to hostile enchantments,
unstealthy
A: unfitting armour, claws 3, fast metabolism 3, gourmand, regeneration 2,
shaggy fur 1, tough skin 2
a: no special abilities


You were on level 10 of the Dungeon.
You were very full.

You visited 2 branches of the dungeon, and saw 11 of its levels.
You also visited: Sewer.

You collected 490 gold pieces.
You spent 285 gold pieces at shops.

Inventory:

Missiles
 f - 5 large rocks (quivered)
Armour
 a - a +0 robe (worn)
 B - a +2 hat (worn)
 N - a +2 cloak (worn)
Jewellery
 d - an uncursed amulet of faith {unknown}
 j - an uncursed ring of sustain attributes {unknown}
 q - a +3 ring of strength {unknown}
 A - a +3 ring of slaying {unknown}
 E - the ring "Ufa Boun" (left claw) {Str+5 Dex+2}
   (You found it on level 5 of the Dungeon)

   [ring of dexterity]

   It affects your strength (+5).
   It affects your dexterity (+2).
 K - an uncursed amulet of guardian spirit {unknown}
 M - the ring "Vinoic Pate" (right claw) {rPois rF+ rN+ MR+}
   (You found it on level 7 of the Dungeon)

   [ring of positive energy]

   It protects you from fire.
   It protects you from poison.
   It protects you from negative energy.
   It affects your resistance to hostile enchantments.
 Q - a +3 ring of intelligence {unknown}
Wands
 t - a wand of random effects (24/48)
 G - a wand of lightning (10/15)
 S - a wand of random effects (15/48)
 V - a wand of flame (24/48)
 X - a wand of flame (23/48)
Scrolls
 c - 9 scrolls of remove curse
 g - 2 scrolls of blinking
 h - 13 scrolls of identify {unknown}
 l - 5 scrolls of random uselessness {unknown}
 m - 3 scrolls of fog {unknown}
 r - 3 scrolls of magic mapping {unknown}
 s - 4 scrolls of enchant weapon {unknown}
 v - a scroll of teleportation {unknown}
 y - 2 scrolls of recharging {unknown}
 F - a scroll of noise {unknown}
 O - a scroll of summoning {unknown}
 U - 2 scrolls of immolation {unknown}
Potions
 e - 2 potions of ambrosia {unknown}
 i - 4 potions of brilliance
 k - 2 potions of heal wounds {unknown}
 n - 7 potions of curing
 o - a potion of magic {unknown}
 p - 2 potions of might {unknown}
 u - 5 potions of poison {unknown}
 z - 4 potions of flight {unknown}
 H - a potion of agility
 I - a potion of lignification
 J - a potion of berserk rage
 P - a potion of invisibility {unknown}
 W - a potion of haste {unknown}
Books
 C - a book of Clouds

   Spells                             Type                      Level
   a - Mephitic Cloud                 Conjuration/Poison/Air       3
   b - Conjure Flame                  Conjuration/Fire             3
   c - Poisonous Cloud                Conjuration/Poison/Air       6
   d - Freezing Cloud                 Conjuration/Ice/Air          6
   e - Ring of Flames                 Charms/Fire                  7
 L - a book of Burglary

   Spells                             Type                      Level
   a - Swiftness                      Charms/Air                   2
   b - Passwall                       Transmutation/Earth          3
   c - Passage of Golubria            Translocation                4
   d - Lee's Rapid Deconstruction     Earth                        5
   e - Darkness                       Hexes                        6
   f - Invisibility                   Hexes                        6
Comestibles
 b - 9 bread rations
 w - 4 beef jerkies
 x - 4 meat rations
 D - 2 slices of pizza
 R - 2 fruits
 T - a royal jelly


   Skills:
 + Level 5.7 Fighting
 + Level 5.5 Throwing
 + Level 5.2 Armour
 + Level 5.8 Dodging
 - Level 1.1 Stealth
 * Level 9.8 Unarmed Combat


You had 9 spell levels left.
You didn't know any spells.

Dungeon Overview and Level Annotations

Branches:
Dungeon (10/15)            Temple (1/1) D:5            Lair (0/8) D:10
    Orc: D:9-12

Altars:
Ashenzari
Cheibriados
Dithmenos
Elyvilon
Fedhas
Gozag
Kikubaaqudgha
Makhleb
Nemelex Xobeh
Okawaru
Pakellas
Qazlal
Ru
Trog
Vehumet
Xom
Yredelemnul
Zin
The Shining One
Lugonu

Shops:
D:7 !


Innate Abilities, Weirdness & Mutations

You are too large for most types of armour.
You have claws for hands.
Your metabolism is lightning-fast.
You like to eat raw meat.
You heal very quickly.
You are covered in fur (AC +1).
You have very tough skin (AC +2).


Message History

* * * LOW HITPOINT WARNING * * *
Read which item? (? for menu, Esc to quit)
Okay, then.
Drink which item? (? for menu, Esc to quit)
You feel better. Something hits you but does no damage.
Read which item? (? for menu, Esc to quit)
Blink to where?
Press: ? - help, Dir - move target cursor You are very lightly contaminated with residual magic.
As you read the scroll labeled TITHRO VELI, it crumbles to dust.
It was a scroll of blinking.
Something barely misses you. Something hits you!
* * * LOW HITPOINT WARNING * * *
Something hits you but does no damage.
There is an open door here.
Something hits you.
* * * LOW HITPOINT WARNING * * *
Something hits you!
You die...

#........# #........
####.##### #........
###.# #........ #...#
###'###### #.###
#.....### #.# #.......##
#####'###### #.._..#..#
#..........# #.....##'#
#......@...# #.........
#..........# #.+.......
#..........# #.#.......
#..........####.#...)...
+..........'....#.......
#..........######.......
#..........# #.......
#..........# #.......
#######+## ########


There were no monsters in sight!

Vanquished Creatures
  Pikel (D:6)
  The ghost of ololoev the Destroyer, a novice DEFE of Sif Muna (D:8)
  A basilisk (D:7)
  Edmund (D:4)
  A hippogriff (D:7)
  Menkaure (D:4)
  A water moccasin (D:8)
  An orc warrior (D:8)
  3 phantoms
  An ice beast (D:4)
  3 sky beasts
  7 centaurs
  5 ogres
  A big kobold (Sewer)
  6 giant frogs
  3 scorpions
  4 wights (D:6)
  A wasp zombie (D:6)
  A giant frog zombie (D:7)
  2 quasits
  3 crimson imps
  4 orc priests
  7 hounds
  3 jellies
  Crazy Yiuf (D:7)
  Ijyb (D:2)
  An iguana (D:7)
  2 orc wizards
  8 worker ants
  2 hound zombies
  2 worker ant zombies
  2 river rats (Sewer)
  5 adders
  2 shadow imps (D:8)
  An ooze (D:1)
  An adder skeleton (D:4)
  2 adder zombies
  5 worms
  6 giant geckos
  28 orcs
  8 giant cockroaches
  9 hobgoblins
  9 jackals
  7 kobolds
  3 quokkas
  4 ball pythons
  5 bats
  A giant gecko skeleton (D:5)
  4 giant newts
  7 goblins
  A jackal zombie (D:5)
  2 quokka skeletons (D:4)
  12 rats
203 creatures vanquished.

Vanquished Creatures (others)
  A phantom (D:6)
  An orc wizard (D:6)
  An adder (D:6)
  2 orcs (D:6)
5 creatures vanquished.

Grand Total: 208 creatures vanquished

Notes
Turn   | Place    | Note
--------------------------------------------------------------
     0 | D:1      | Azzok the Troll Monk began the quest for the Orb.
     0 | D:1      | Reached XP level 1. HP: 22/22 MP: 0/0
   271 | D:1      | Reached XP level 2. HP: 29/29 MP: 1/1
   588 | D:1      | Reached skill level 1 in Armour
   588 | D:1      | Reached XP level 3. HP: 36/36 MP: 2/2
   945 | D:2      | Found a bloodstained altar of Trog.
  1335 | D:2      | Noticed Ijyb
  1348 | D:2      | Killed Ijyb
  1348 | D:2      | Reached XP level 4. HP: 42/44 MP: 3/3
  1825 | D:3      | Found an ancient bone altar of Kikubaaqudgha.
  1825 | D:3      | Found a white marble altar of Elyvilon.
  1825 | D:3      | Found a burning altar of Makhleb.
  2122 | D:4      | Noticed an ogre
  2140 | D:3      | Killed an ogre
  2140 | D:3      | Reached skill level 1 in Throwing
  2140 | D:3      | Reached skill level 5 in Unarmed Combat
  2140 | D:3      | Reached XP level 5. HP: 22/53 MP: 4/4
  2337 | D:4      | Noticed Menkaure
  2354 | D:4      | Killed Menkaure
  2354 | D:4      | Reached XP level 6. HP: 14/61 MP: 5/5
  2581 | D:4      | Noticed an ice beast
  2591 | D:4      | Killed an ice beast
  2591 | D:4      | Reached XP level 7. HP: 56/67 MP: 6/6
  2756 | D:4      | Noticed Edmund
  2772 | D:4      | Killed Edmund
  2772 | D:4      | Reached skill level 6 in Unarmed Combat
  2959 | D:5      | Entered Level 5 of the Dungeon
  3119 | D:5      | Found a glowing drain.
  3137 | Sewer    | Entered a sewer
  3252 | Sewer    | Found a glowing silver altar of Zin.
  3333 | D:5      | Reached XP level 8. HP: 69/78 MP: 7/7
  3361 | D:5      | Found a staircase to the Ecumenical Temple.
  3363 | D:5      | Got a scorched ivory ring
  3373 | D:5      | Identified the ring "Ufa Boun" {Str+5 Dex+2} (You found it on level 5 of the Dungeon)
  3425 | D:5      | Found a sparkling altar of Nemelex Xobeh.
  3428 | D:5      | Found a glowing golden altar of the Shining One.
  3474 | D:5      | Found a radiant altar of Vehumet.
  3476 | D:5      | Found a basalt altar of Yredelemnul.
  3556 | Temple   | Entered the Ecumenical Temple
  3720 | D:6      | Noticed Pikel
  3729 | D:6      | Killed Pikel
  3729 | D:6      | Reached skill level 7 in Unarmed Combat
  4318 | D:6      | Reached XP level 9. HP: 85/85 MP: 8/8
  4446 | D:6      | Reached skill level 8 in Unarmed Combat
  4616 | D:7      | Found Heh Liga's Distillery.
  4632 | D:7      | Bought a potion of agility for 60 gold pieces
  4632 | D:7      | Bought a potion of lignification for 45 gold pieces
  4632 | D:7      | Bought a potion of brilliance for 60 gold pieces
  4632 | D:7      | Bought a potion of berserk rage for 75 gold pieces
  4632 | D:7      | Bought a potion of curing for 45 gold pieces
  4681 | D:7      | Reached skill level 5 in Dodging
  4730 | D:7      | Reached skill level 5 in Fighting
  4860 | D:7      | Found a glowing silver altar of Zin.
  5274 | D:7      | Got a brightly glowing lapis lazuli ring
  5471 | D:7      | Noticed Crazy Yiuf
  5478 | D:7      | Killed Crazy Yiuf
  5771 | D:8      | Found a shattered altar of Ashenzari.
  5828 | D:8      | Reached skill level 9 in Unarmed Combat
  5915 | D:8      | Identified the ring "Vinoic Pate" {rPois rF+ rN+ MR+} (You found it on level 7 of the Dungeon)
  6022 | D:8      | Noticed ololoev's ghost (novice DEFE)
  6033 | D:8      | Killed ololoev's ghost
  6033 | D:8      | Reached XP level 10. HP: 77/96 MP: 9/9
  6200 | D:8      | Reached skill level 5 in Throwing
  6200 | D:8      | Reached skill level 5 in Armour
  6284 | D:9      | Found a burning altar of Makhleb.
  6326 | D:9      | Found a sacrificial altar of Ru.
  6528 | D:9      | Found a stormy altar of Qazlal.
  6877 | D:10     | Entered Level 10 of the Dungeon
  6903 | D:10     | Found an oddly glowing altar of Pakellas.
  6913 | D:10     | Found a staircase to the Lair.
  6991 | D:10     | Slain by an unseen horror

Vault maps used:
D:1:      sevenhm_arrival_forest_fort_large_4, serial_park_tiny_2,
          roderic_lattice_a, st_stairs_5
D:2:      bloody_trog, uniq_iyjb
D:3:      gammafunk_temple_overflow_forgotten, first_bread
D:4:      uniq_edmund, uniq_menkaure
D:5:      nicolae_overflow_hidden_temple, temple_statues, portal_sewer_entry_d
D:6:      uniq_pikel
D:7:      old_standard_altar, serial_shops, shop, uniq_crazy_yiuf_cottage
D:8:      lemuel_doored_altar
D:9:      nicolae_overflow_crystal_walls, overflow_temple_1_default,
          bloody_makhleb
D:10:     lair_0_dummy, basic_altar, hangedman_little_slice_of_home, uniq_urug,
          uniq_joseph
Temple:   corrupted_temple
Sewer:    sewer_kobolds

Action                   |  1- 3 |  4- 6 |  7- 9 | 10-12 || total
-------------------------+-------+-------+-------+-------++-------
Melee: Unarmed           |   122 |    75 |   305 |   106 ||   608
  Use: Scroll            |       |       |       |     2 ||     2
       Potion            |       |       |       |     1 ||     1
 Stab: Sleeping          |     5 |     5 |     4 |       ||    14
       Distracted        |       |       |     1 |       ||     1
  Eat: Chunk             |    18 |    11 |    32 |     7 ||    68
